 Dungeon Crawl Stone Soup version 0.30-a0-613-gdd512c7efb (webtiles) character file.

Game seed: 12698199999875570221

83 acebull12 the Chopper (level 4, -4/37 HPs)
             Began as a Hill Orc Reaver on Jan 9, 2023.
             Blown up by Ijyb (13 damage)
             ... with a mindburst bolt
             ... on level 3 of the Dungeon.
             The game lasted 00:04:48 (2276 turns).

acebull12 the Chopper (Hill Orc Reaver)             Turns: 2276, Time: 00:04:49

Health: -4/37      AC:  5    Str: 16    XL:     4   Next: 44%
Magic:  6/6        EV: 10    Int: 13    God:
Gold:   94         SH:  0    Dex:  9    Spells: 5/6 levels left

rFire   . . .      SeeInvis .    a - +0 hand axe
rCold   . . .      Faith    .    (no shield)
rNeg    . . .      Spirit   .    m - +0 ring mail
rPois   .          Reflect  .    (no helmet)
rElec   .          Harm     .    (no cloak)
rCorr   .          Rampage  .    (no gloves)
Will    .....                    (no boots) Stlth
                                 (no amulet)
HPRegen 0.26/turn                g - ring of flight
MPRegen 0.10/turn                (no ring)

@: flying
A: no striking features
a: no special abilities


You were on level 3 of the Dungeon.
You visited 1 branch of the dungeon, and saw 3 of its levels.

You collected 94 gold pieces.

Inventory:

Hand Weapons
 a - a +0 hand axe (weapon)
Armour
 b - a +0 leather armour
 m - a +0 ring mail (worn)
Jewellery
 g - a ring of flight (left hand)
Scrolls
 c - a scroll of silence {unknown}
 d - a scroll of blinking {unknown}
 e - 3 scrolls of identify {unknown}
 f - a scroll of butterflies {unknown}
 h - a scroll of teleportation {unknown}
Potions
 i - 2 potions of heal wounds {unknown}
 j - a potion of lignification {unknown}
 k - a potion of mutation {unknown}
 l - a potion of curing {unknown}


   Skills:
 + Level 2.5 Fighting
 * Level 5.2 Axes
 + Level 1.2 Armour
 + Level 1.8 Dodging
 * Level 1.7 Spellcasting
 * Level 3.5 Conjurations
 * Level 0.8 Necromancy


You had 5 spell levels left.
You knew the following spells:

 Your Spells              Type           Power      Damage    Failure   Level
a - Kiss of Death         Conj/Necr      24%        2d7       21%         1

Your spell library contained the following spells:

 Spells                   Type           Power      Damage    Failure   Level
 Momentum Strike          Conj/Tloc      10%        3d8       36%         2
 Summon Small Mammal      Summ           4%         N/A       45%         1
 Ensorcelled Hibernation  Hex/Ice        2%         N/A       58%         2
 Passwall                 Tmut/Erth      0%         N/A       58%         2
 Hailstorm                Conj/Ice       5%         3d4       58%         3
 Call Canine Familiar     Summ           1%         N/A       83%         3
 Summon Guardian Golem    Hex/Summ       1%         N/A       83%         3
 Swiftness                Air            1%         N/A       83%         3
 Orb of Destruction       Conj           5%         9d5       100%        7
 Spellforged Servitor     Conj/Summ      2%         N/A       100%        7


Dungeon Overview and Level Annotations

Branches:
Dungeon (3/15)

Altars:

Annotations:
D:3 Ijyb


Message History

Ijyb hits you but does no damage.
You barely miss Ijyb.
Ijyb is lightly wounded.
Ijyb hits you with a +0 dagger.
You hit Ijyb but do no damage.
Ijyb is lightly wounded.
Ijyb hits you but does no damage.
You slash Ijyb!
Ijyb is moderately wounded.
Ijyb zaps a wand.
Your mind is blasted!
You hit Ijyb but do no damage.
Ijyb is moderately wounded.
Ijyb hits you with a +0 dagger.
You closely miss Ijyb.
Ijyb is moderately wounded.
Ijyb hits you with a +0 dagger.
* * * LOW HITPOINT WARNING * * *
You hit Ijyb.
Ijyb is heavily wounded.
Ijyb barely misses you.
You hit Ijyb but do no damage.
Ijyb is heavily wounded.
Ijyb closely misses you.
You barely miss Ijyb.
Ijyb is heavily wounded.
Ijyb hits you with a +0 dagger.
* * * LOW HITPOINT WARNING * * *
Ijyb screams, "You nasty!
Big nasty!"
Ijyb hits you with a +0 dagger.
* * * LOW HITPOINT WARNING * * *
You barely miss Ijyb.
Ijyb is heavily wounded.
Ijyb closely misses you.
You closely miss Ijyb.
Ijyb is heavily wounded.
Ijyb hits you but does no damage.
You hit Ijyb.
Ijyb is heavily wounded.
Ijyb zaps a wand.
Your mind is blasted!
You die...

...... #..# ...... #..#
...... ...# .O.... #..#
...... #..# #..# ...## #
#...# #..# ..##.#.#...#
#..# ..#.#.#...###### #<.#
............@.# ##.#
#....#...####g# ###.#
#...#...####.##########.#.#
#.......g.................#
.#.#...###........####.#.##
#.#...###..#####.# #.....
#.#.#..##..#####.# #.#.##
#.............##.# #.#.#
###.#.###...#.##.# #.#.#


You could see Ijyb.

Vanquished Creatures
  4 adders
  2 dart slugs
  5 endoplasms
  A giant cockroach (D:2)
  5 goblins
  A hobgoblin (D:2)
  7 jackals
  5 kobolds
  2 ball pythons
  5 bats
  3 frilled lizards
  A rat (D:3)
41 creatures vanquished.

Notes
Turn   | Place    | Note
-------+----------+-------------------------------------------
     0 | D:1      | acebull12 the Hill Orc Reaver began the quest for the Orb.
     0 | D:1      | Reached XP level 1. HP: 18/18 MP: 3/3
    84 | D:1      | You fall into a shaft and drop 1 floor!
   363 | D:1      | Reached XP level 2. HP: 24/25 MP: 4/4
   845 | D:2      | Reached XP level 3. HP: 25/30 MP: 5/5
  1314 | D:2      | Reached skill level 1 in Armour
  1517 | D:3      | Reached XP level 4. HP: 33/37 MP: 6/6
  1673 | D:3      | Reached skill level 5 in Axes
  1709 | D:3      | Noticed an ogre
  2250 | D:3      | Noticed Ijyb
  2276 | D:3      | Blown up by Ijyb

Illustrated notes

Levels and vault maps discovered:
D:1:      spicycebolla_arrival_risky_transporter, layout_basic
D:2:      layout_basic
D:3:      layout_basic, marbit_many_paths, minmay_misc_feat_room, uniq_ijyb

Skill      XL: |  1  2  3  4 |
---------------+-------------+-----
Armour         | 1 |  1.2
Axes           | 5 |  5.2
Fighting       | |  2.5
Dodging        | |  1.8
Spellcasting   | |  1.7
Conjurations   | |  3.5
Necromancy     | |  0.8

Action                   |  1- 3 |  4- 6 || total
-------------------------+-------+-------++-------
Melee: Hand axe          |   117 |    61 ||   178
       Punch             |     3 |       ||     3
Armor: Leather armour    |    43 |    10 ||    53
       Ring mail         |       |    12 ||    12
Dodge: Dodged            |    77 |    36 ||   113

Table legend: (Time is in decaauts)
 A = Elapsed time spent in this place.
 B = Non-inter-level travel time spent in this place.
 C = Inter-level travel time spent in this place.
 D = Time resting spent in this place.
 E = Time spent auto-exploring this place.
 F = Levels seen in this place.
 G = Mean time per level.
                   A        B        C        D        E       F      G
               +--------+--------+--------+--------+--------+-----+--------+
         Total |   2288 |   2036 |    252 |      7 |   1562 |   3 |  762.7 |
       Dungeon |   2288 |   2036 |    252 |      7 |   1562 |   3 |  762.7 |
               +--------+--------+--------+--------+--------+-----+--------+

Top non-repeatable levels by time:
     D:2: 1003 daAuts
     D:3: 722 daAuts
     D:1: 561 daAuts
